 Dungeon Crawl Stone Soup version 0.20.0-10-g0535bb4 (webtiles) character file.

221 McKennaii the Covered (level 5, -3/41 HPs)
             Began as a Demonspawn Fighter on June 5, 2017.
             Killed from afar by an orc wizard (6 damage)
             ... with a puff of frost
             ... on level 4 of the Dungeon.
             The game lasted 00:02:49 (2112 turns).

McKennaii the Covered (Demonspawn Fighter)          Turns: 2112, Time: 00:02:49

Health: -3/41      AC: 12    Str: 16    XL:     5   Next: 65%
Magic:  5/5        EV:  7    Int:  9    God:
Gold:   17         SH:  9    Dex: 14    Spells: 4/4 levels left

rFire    . . .     SeeInvis .   a - +0 long sword
rCold    . . .     Gourm    .   c - +0 shield
rNeg     . . .     Faith    .   b - +0 scale mail
rPois    .         Spirit   .   (no helmet)
rElec    .         Reflect  .   (no cloak)
rCorr    .         Harm     .   (no gloves)
MR       .....                  (no boots)
Stlth    ..........             (no amulet)
Regen    0.2/turn               (no ring)
MPRegen  0.1/turn               (no ring)

@: sanguine armour
A: hooves 1, spiny 1, sanguine armour 1
a: no special abilities


You were on level 4 of the Dungeon.
You were very hungry.

You visited 1 branch of the dungeon, and saw 4 of its levels.

You collected 17 gold pieces.

Inventory:

Hand Weapons
 a - a +0 long sword (weapon)
Armour
 b - a +0 scale mail (worn)
 c - a +0 shield (worn)
Jewellery
 n - an uncursed ring of ice
Scrolls
 i - 5 scrolls of identify {unknown}
 j - a scroll of recharging {unknown}
 l - 4 scrolls of remove curse {unknown}
 p - a scroll of random uselessness {unknown}
Potions
 d - a potion of might
 e - 2 potions of curing {unknown}
 g - a potion of lignification {unknown}
 h - 2 potions of invisibility {unknown}
 k - 2 potions of brilliance {unknown}
 m - a potion of flight {unknown}
 o - a potion of magic {unknown}
 q - 2 potions of berserk rage {unknown}
 r - a potion of heal wounds {unknown}
Comestibles
 f - 3 bread rations


   Skills:
 + Level 3.5 Fighting
 + Level 3.3 Long Blades
 + Level 3.6 Armour
 + Level 1.1 Dodging
 - Level 0.2 Stealth
 + Level 3.6 Shields


You had 4 spell levels left.
You didn't know any spells.

Dungeon Overview and Level Annotations

Branches:
Dungeon (4/15)
 Temple: D:4-7

Altars:
Okawaru

Annotations:
D:4 Grinder, Natasha, Sigmund


Innate Abilities, Weirdness & Mutations

You have large cloven feet.
You are partially covered in sharp spines.
When seriously injured, your bleeding wounds create armour. (AC +6)


Message History

The orc wizard gestures at you while chanting.
The puff of frost hits you!
You hear the slow rusting of a distant drain.
The orc wizard points at you and mumbles some strange words.
The magic dart hits you!
* * * LOW HITPOINT WARNING * * *
The orc wizard points at you and mumbles some strange words.
The magic dart hits you!
* * * LOW HITPOINT WARNING * * *
Natasha mumbles some strange words.
Natasha's front paws start to glow.
Natasha mumbles some strange words.
The orc wizard gestures at you while chanting.
You block the puff of frost.
Natasha stares at you and mumbles some strange words.
You resist with some effort.
Found a stone staircase leading down.
The orc wizard casts a spell at you. The puff of frost hits you!
You die...

.#.#.#
.#...##############
.........<........#
..#..#...##########
..#......#####.#
..##......5..o.#
..........####.#####
.....##...##.......#
#....##...##h#.#@###
...#....5.h..#.#.#
...#.#.5..####.#.#
...........>...#.#
.#.###..oh######.#
.#........# ###>#
.##.....#.# .. ..#
........#.#.# ..#
........#.{.#


You could see an orc wizard.

Vanquished Creatures
  A hound (D:4)
  2 orc wizards
  Natasha (D:4)
  4 adders
  A worm (D:2)
  2 dart slugs (D:2)
  4 leopard geckos
  3 orcs (D:3)
  A ball python (D:2)
  2 giant cockroaches
  6 goblins
  5 hobgoblins
  A quokka (D:2)
  11 bats
  7 frilled lizards
  6 kobolds
  7 rats
64 creatures vanquished.

Notes
Turn   | Place    | Note
-------+----------+-------------------------------------------
     0 | D:1      | McKennaii the Demonspawn Fighter began the quest for the Orb.
     0 | D:1      | Reached XP level 1. HP: 18/18 MP: 1/1
   179 | D:1      | Gained mutation: You are partially covered in sharp spines. [demonic ancestry]
   179 | D:1      | Reached XP level 2. HP: 24/24 MP: 2/2
   777 | D:2      | Gained mutation: You have large cloven feet. [demonic ancestry]
   777 | D:2      | Reached XP level 3. HP: 21/29 MP: 3/3
  1112 | D:3      | Gained mutation: When seriously injured, your bleeding wounds create armour. (AC +6) [demonic ancestry]
  1112 | D:3      | Reached XP level 4. HP: 21/35 MP: 4/4
  1601 | D:3      | Reached XP level 5. HP: 41/41 MP: 5/5
  1739 | D:3      | Found an iron altar of Okawaru.
  1960 | D:4      | Noticed Grinder
  1960 | D:4      | Noticed Sigmund
  2038 | D:4      | Noticed Natasha
  2048 | D:4      | Killed Natasha
  2048 | D:4      | Reached skill level 1 in Dodging
  2079 | D:4      | Noticed Natasha
  2104 | D:4      | HP: 2/41 [orc wizard/magic dart (3)]
  2112 | D:4      | Killed from afar by an orc wizard

Skill      XL: |  1  2  3  4  5 |
---------------+----------------+-----
Armour         | 3 |  3.6
Shields        | 3 |  3.6
Long Blades    | 2 3 |  3.3
Dodging        | 1 |  1.1
Fighting       | |  3.5
Stealth        | |  0.2

Action                   |  1- 3 |  4- 6 || total
-------------------------+-------+-------++-------
Melee: Long sword        |   111 |    53 ||   164
       Kick              |    11 |    19 ||    30
  Eat: Chunk             |       |     3 ||     3
Armor: Scale mail        |    51 |    23 ||    74
Dodge: Dodged            |    34 |    11 ||    45
Block: Shield            |    65 |    28 ||    93
       Rpst.: Long sword |    11 |     6 ||    17
